 Dungeon Crawl Stone Soup version 0.21.1-1-g345015f (webtiles) character file.

12266 Mirai the Covert (level 12, 0/59 HPs)
             Began as a Kobold Enchanter on Apr 24, 2018.
             Was a High Priest of Okawaru.
             Killed from afar by an electric eel (12 damage)
             ... with a bolt of electricity
             ... on level 10 of the Dungeon.
             The game lasted 00:45:49 (12003 turns).

Mirai the Covert (Kobold Enchanter)                Turns: 12003, Time: 00:45:50

Health: 0/59       AC: 15    Str: 10    XL:     12   Next: 18%
Magic:  0/16       EV: 24    Int: 16    God:    Okawaru [*****.]
Gold:   746        SH:  5    Dex: 16    Spells: 11/17 levels left

rFire    . . .     SeeInvis .   D - +2 dagger (freeze)
rCold    . . .     Gourm    .   v - +0 buckler
rNeg     . . .     Faith    .   E - +0 troll leather armour
rPois    +         Spirit   +   (helmet restricted)
rElec    .         Reflect  .   k - +2 cloak {rPois}
rCorr    .         Harm     .   (no gloves)
MR       +....                  J - +2 pair of boots of the Assassin {Detection Stab+ Stlth++}
Stlth    ++++......             q - amulet of guardian spirit
HPRegen  0.59/turn              l - ring of protection from magic
MPRegen  0.15/turn              t - +3 ring of evasion

@: very slow
A: small, horns 1, slimy green scales 1, thin metallic scales 1, carnivore
a: Heroism, Finesse, Renounce Religion


You were on level 10 of the Dungeon.
You worshipped Okawaru.
Okawaru was extremely pleased with you.
You were completely stuffed.

You visited 2 branches of the dungeon, and saw 11 of its levels.

You collected 746 gold pieces.

Inventory:

Hand Weapons
 z - a +1 arbalest of freezing
 D - a +2 dagger of freezing (weapon)
 G - a +2 dagger of draining
Armour
 k - a +2 cloak of poison resistance (worn)
 s - a +2 pair of boots
 v - a +0 buckler (worn)
 E - a +0 troll leather armour (worn)
 I - a +4 ring mail
 J - the +2 pair of boots of the Assassin (worn) {Detection Stab+ Stlth++}
   (You found it on level 10 of the Dungeon)

   It makes you much more stealthy.
Magical Staves
 B - an uncursed staff of fire {unknown}
Jewellery
 b - an uncursed ring of poison resistance
 l - a ring of protection from magic (left hand)
 q - an amulet of guardian spirit (around neck)
 t - a +3 ring of evasion (right hand)
 x - an uncursed ring of see invisible
Wands
 a - a wand of enslavement (1)
 m - a wand of paralysis (15)
 n - a wand of acid (8)
 p - a wand of flame (27)
 w - a wand of digging (14)
 y - a wand of polymorph (64)
 C - a wand of random effects (12)
 H - a wand of clouds (6)
Scrolls
 e - 5 scrolls of enchant weapon
 g - a scroll of amnesia
 o - 3 scrolls of remove curse
 r - 10 scrolls of identify
 A - a scroll of silence {unknown}
 K - a scroll of magic mapping {unknown}
Potions
 f - a potion of might
 h - 2 potions of flight
 i - a potion of mutation
 j - 5 potions of curing
Books
 c - a book of Maledictions

   Spells                             Type                      Level
   a - Corona                         Hexes                        1
   b - Ensorcelled Hibernation        Hexes/Ice                    2
   c - Confuse                        Hexes                        3
   d - Tukima's Dance                 Hexes                        3
   e - Dazzling Spray                 Conjuration/Hexes            3
Comestibles
 d - 24 rations
 u - 11 chunks of flesh


   Skills:
 + Level 0.0 Fighting
 + Level 10.5 Short Blades
 + Level 4.2 Armour
 + Level 10.1 Dodging
 + Level 12.0 Stealth
 + Level 1.2 Shields
 - Level 3.0 Spellcasting
 + Level 8.7 Hexes
 - Level 7.0 Ice Magic


You had 11 spell levels left.
You knew the following spells:

 Your Spells              Type           Power        Failure   Level  Hunger
a - Corona                Hex            ####...      1%          1    #......
b - Ensorcelled Hibernat  Hex/Ice        ####..       2%          2    ##.....
c - Tukima's Dance        Hex            ####....     3%          3    ###....


Dungeon Overview and Level Annotations

Branches:
Dungeon (10/15)            Temple (1/1) D:5            Lair (0/6) D:9
    Orc: D:9-12

Altars:
Ashenzari
Cheibriados
Dithmenos
Elyvilon
Fedhas
Gozag
Hepliaklqana
Kikubaaqudgha
Makhleb
Nemelex Xobeh
Okawaru
Qazlal
Ru
Sif Muna
Trog
Uskayaw
Vehumet
Wu Jian
Xom
Yredelemnul
Zin
The Shining One

Shops:
D:4 =

Annotations:
D:9 Gastronok


Innate Abilities, Weirdness & Mutations

You are small and have problems with some larger weapons.
You are carnivorous and can eat meat at any time.
You have a pair of small horns on your head.
You are partially covered in slimy green scales. (AC +2)
You are partially covered in thin metallic scales. (AC +2)


Message History

You feel much better.
The electric eel shoots out a bolt of lightning at you!
The bolt of electricity hits you! x2
The bolt of electricity hits the electric eel.
The electric eel completely resists.
The merfolk hits you from afar with a trident!
The electric eel shoots out a bolt of lightning at you!
The bolt of electricity misses you.
You enter the shallow water.
Moving in this stuff is going to be slow.
The electric eel shoots out a bolt of lightning at you!
The bolt of electricity hits you!
* * * LOW HITPOINT WARNING * * *
The bolt of electricity misses you.
The bolt of electricity misses the electric eel.
The merfolk throws a tomahawk.
The tomahawk hits you.
* * * LOW HITPOINT WARNING * * *
The electric eel shoots out a bolt of lightning at you!
The bolt of electricity misses you. The bolt of electricity hits you!
You die...

### #.. #### #..
##≈≈≈#################.
##≈≈m;≈##..≈≈≈....≈≈# ##
≈#≈≈.}..≈#.≈≈≈≈≈♣.≈≈≈###
.'≈.!$$.@'.≈≈≈≈≈≈≈.≈♣..#
;#≈...!≈≈#...♣≈≈♣..≈≈≈.##
##≈≈≈≈≈##.≈≈(....≈≈≈≈..#
♣.≈
##≈≈≈##.≈≈≈≈≈≈..≈≈♣≈≈..
♣≈≈≈≈
#####≈..≈≈≈≈......♣≈♣.
≈≈≈≈≈
≈≈≈≈≈≈≈......≈≈≈.≈....
.♣.♣.
≈≈≈≈≈≈♣.≈≈♣♣.♣≈≈≈≈♣..≈
....≈
≈≈≈≈≈≈..≈≈≈≈..≈≈≈≈.♣≈≈
≈..≈.
≈≈≈≈≈≈≈.≈≈≈.........≈.


You could see a merfolk and an electric eel.

Vanquished Creatures
  Erolcha (D:9)
  Harold (D:10)
  2 two-headed ogres
  Maurice (D:8)
  A gargoyle (D:10)
  A kobold demonologist (D:8)
  2 trolls (D:9)
  Prince Ribbit (D:8)
  3 hippogriffs (D:10)
  2 yaks (D:10)
  Eustachio (D:6)
  3 hogs (D:10)
  2 hungry ghosts (D:8)
  A water moccasin (D:10)
  4 ice beasts
  6 sky beasts
  2 phantoms
  2 orc warriors
  10 black bears
  4 centaurs
  2 wolves (D:9)
  7 ogres
  A big kobold (D:10)
  11 bullfrogs
  A gnoll sergeant (D:10)
  A wyvern skeleton (D:6)
  A scorpion (D:7)
  5 wights
  8 electric eels
  A howler monkey (D:10)
  5 crimson imps
  A quasit (D:9)
  2 centaur zombies
  2 orc priests
  7 hounds
  3 jellies
  Crazy Yiuf (D:2)
  2 centaur skeletons
  4 bullfrog skeletons
  7 orc wizards
  An iguana (D:8)
  10 worker ants
  A killer bee zombie (D:8)
  2 hound skeletons
  A worker ant zombie (D:5)
  6 gnolls
  7 adders
  An ooze (D:2)
  2 worms
  4 dart slugs
  4 leopard geckos
  13 orcs
  4 bats
  6 giant cockroaches
  13 hobgoblins
  4 jackals
  11 kobolds
  3 quokkas
  2 ball pythons
  4 frilled lizards
  8 goblins
  A leopard gecko skeleton (D:5)
  A quokka zombie (D:5)
  7 rats
238 creatures vanquished.

Vanquished Creatures (collateral kills)
  A hornet (D:8)
  3 gnolls
4 creatures vanquished.

Vanquished Creatures (others)
  A hornet (D:8)
  A hippogriff (D:8)
  A soldier ant (D:8)
  6 dancing weapons
  2 jackals (D:10)
  A plant (D:10)
12 creatures vanquished.

Grand Total: 254 creatures vanquished

Notes
Turn   | Place    | Note
-------+----------+-------------------------------------------
     0 | D:1      | Mirai the Kobold Enchanter began the quest for the Orb.
     0 | D:1      | Reached XP level 1. HP: 10/10 MP: 3/3
    91 | D:1      | Reached XP level 2. HP: 2/15 MP: 5/5
   417 | D:1      | Learned a level 2 spell: Ensorcelled Hibernation
   647 | D:1      | Reached XP level 3. HP: 16/19 MP: 6/6
   997 | D:2      | Found a bloodstained altar of Trog.
  1048 | D:2      | Reached XP level 4. HP: 11/24 MP: 6/8
  1392 | D:2      | Found a runed door.
  1699 | D:2      | Found a stormy altar of Qazlal.
  1774 | D:2      | Noticed Crazy Yiuf
  1779 | D:2      | Killed Crazy Yiuf
  1779 | D:2      | Reached XP level 5. HP: 28/28 MP: 4/9
  1892 | D:3      | Found a shattered altar of Ashenzari.
  1896 | D:3      | Found a shadowy altar of Dithmenos.
  1945 | D:3      | Reached skill level 5 in Stealth
  2095 | D:3      | Gained mutation: You are frail. (-10% HP) [potion of mutation]
  2095 | D:3      | Gained mutation: You are partially covered in thin metallic scales. (AC +2) [potion of mutation]
  2095 | D:3      | Gained mutation: You are dopey. (Int -2) [potion of mutation]
  2095 | D:3      | Gained mutation: You are mostly covered in thin metallic scales. (AC +3) [potion of mutation]
  2163 | D:3      | Found a white marble altar of Elyvilon.
  2165 | D:3      | Found a deep blue altar of Sif Muna.
  2182 | D:3      | Reached skill level 1 in Ice Magic
  2415 | D:3      | Found a shimmering altar of Xom.
  2420 | D:3      | Found a shimmering altar of Xom.
  2421 | D:3      | Found a shimmering altar of Xom.
  2421 | D:3      | Found a shimmering altar of Xom.
  2443 | D:3      | Found a shimmering altar of Xom.
  2746 | D:4      | Found a shattered altar of Ashenzari.
  2905 | D:4      | Noticed an ogre
  2907 | D:4      | Reached XP level 6. HP: 28/28 MP: 10/10
  2915 | D:4      | Killed an ogre
  3058 | D:4      | Found Ecappauwa's Jewellery Shop.
  3286 | D:5      | Entered Level 5 of the Dungeon
  3341 | D:5      | Learned a level 3 spell: Tukima's Dance
  3479 | D:5      | Noticed a phantom
  3533 | D:5      | Reached XP level 7. HP: 14/32 MP: 0/11
  3569 | D:5      | Reached skill level 6 in Stealth
  3990 | D:5      | Found a staircase to the Ecumenical Temple.
  4046 | D:4      | Reached XP level 8. HP: 15/36 MP: 3/12
  4332 | D:5      | Reached skill level 5 in Dodging
  4355 | Temple   | Entered the Ecumenical Temple
  4515 | Temple   | Became a worshipper of Warmaster Okawaru
  4698 | D:5      | Reached skill level 5 in Short Blades
  5120 | D:6      | Reached skill level 7 in Stealth
  5120 | D:6      | Reached skill level 5 in Hexes
  5161 | D:6      | Noticed Eustachio
  5179 | D:6      | Killed Eustachio
  5324 | D:6      | Got a jewelled scale mail
  5338 | D:6      | Identified the +5 scale mail of Circular Logic {MP+9} (You found it on level 6 of the Dungeon)
  5457 | D:6      | Reached * piety under Okawaru
  5559 | D:6      | Reached XP level 9. HP: 20/40 MP: 4/13
  5768 | D:7      | Reached skill level 8 in Stealth
  6641 | D:7      | Reached ** piety under Okawaru
  6956 | D:8      | Reached skill level 5 in Ice Magic
  6968 | D:8      | Noticed a kobold demonologist
  7134 | D:8      | Reached skill level 9 in Stealth
  7177 | D:8      | Noticed a hippogriff
  7211 | D:8      | Noticed a hornet
  7224 | D:8      | Noticed a hornet
  7356 | D:8      | Found a burning altar of Makhleb.
  7356 | D:8      | Found a hazy altar of Hepliaklqana.
  7363 | D:7      | Reached XP level 10. HP: 36/45 MP: 14/14
  7454 | D:8      | Lost mutation: You are frail. (-10% HP) [potion of mutation]
  7454 | D:8      | Lost mutation: You are dopey. (Int -2) [potion of mutation]
  7454 | D:8      | Lost mutation: You are mostly covered in thin metallic scales. (AC +3) [potion of mutation]
  7454 | D:8      | Gained mutation: You are partially covered in slimy green scales. (AC +2) [potion of mutation]
  7454 | D:8      | Gained mutation: You have a pair of small horns on your head. [potion of mutation]
  7485 | D:8      | Noticed Maurice
  7509 | D:8      | Killed a kobold demonologist
  7532 | D:8      | Killed Maurice
  7577 | D:8      | Reached *** piety under Okawaru
  7750 | D:8      | Noticed a two-headed ogre
  7769 | D:8      | Killed a two-headed ogre
  7769 | D:8      | Reached skill level 1 in Armour
  7769 | D:8      | Reached skill level 10 in Stealth
  8589 | D:9      | Noticed Prince Ribbit
  8636 | D:8      | Killed Prince Ribbit
  8636 | D:8      | Reached **** piety under Okawaru
  8636 | D:8      | Reached XP level 11. HP: 11/54 MP: 1/15
  9220 | D:9      | Found a radiant altar of Vehumet.
  9251 | D:9      | Noticed Erolcha
  9251 | D:9      | Noticed Gastronok
  9270 | D:9      | Killed Erolcha
  9400 | D:9      | Found a sacrificial altar of Ru.
  9821 | D:9      | Found a staircase to the Lair.
  9837 | D:9      | Reached skill level 11 in Stealth
 10066 | D:9      | Reached ***** piety under Okawaru
 10287 | D:10     | Entered Level 10 of the Dungeon
 10766 | D:10     | Reached skill level 10 in Short Blades
 11311 | D:10     | Found a bloodstained altar of Trog.
 11499 | D:10     | Noticed a two-headed ogre
 11510 | D:10     | Killed a two-headed ogre
 11510 | D:10     | Received a gift from Okawaru
 11532 | D:10     | Reached XP level 12. HP: 59/59 MP: 9/16
 11746 | D:10     | Noticed Harold
 11760 | D:10     | Reached skill level 10 in Dodging
 11856 | D:10     | Killed Harold
 11856 | D:10     | Reached skill level 12 in Stealth
 11856 | D:10     | Reached skill level 1 in Shields
 11878 | D:10     | Found the +2 pair of boots of the Assassin {Detection Stab+ Stlth++}
 12003 | D:10     | Killed from afar by an electric eel

Skill      XL: |  1  2  3  4  5  6  7  8  9 10 11 12 |
---------------+-------------------------------------+-----
Short Blades   | 2 3 4 6 7 9 10 | 10.5
Dodging        | 3 4 5 7 8 9 10 | 10.1
Stealth        | 5 6 7 9 10 11 12 | 12.0
Spellcasting   | 3 |  3.0
Ice Magic      | 1 2 4 5 6 7 |  7.0
Hexes          | 4 5 6 7 8 |  8.7
Armour         | 2 4 |  4.2
Shields        | 1 |  1.2

Action                   |  1- 3 |  4- 6 |  7- 9 | 10-12 || total
-------------------------+-------+-------+-------+-------++-------
Melee: Dagger            |   129 |   176 |   427 |   602 ||  1334
       Headbutt          |       |       |       |   101 ||   101
       Punch             |       |       |       |     3 ||     3
 Cast: Ensorcelled Hiber |     5 |    29 |    52 |   149 ||   235
       Corona            |     1 |     6 |    24 |    14 ||    45
       Tukima's Dance    |       |       |     8 |     7 ||    15
Invok: Heroism           |       |       |       |    10 ||    10
Evoke: Wand              |       |       |     7 |     3 ||    10
  Use: Scroll            |     1 |     2 |    13 |     4 ||    20
       Potion            |       |     1 |     7 |     7 ||    15
 Stab: Sleeping          |     5 |    28 |    26 |    68 ||   127
       Distracted        |       |     1 |       |       ||     1
       Paralysed         |       |       |       |     1 ||     1
  Eat: Chunk             |     9 |     9 |    16 |    33 ||    67
Armor: Robe              |    10 |    11 |       |       ||    21
       Ring mail         |       |    23 |    85 |       ||   108
       Scale mail        |       |       |    58 |    81 ||   139
       Troll leather arm |       |       |       |    48 ||    48
Dodge: Dodged            |   101 |   124 |   330 |   469 ||  1024
Block: Buckler           |       |       |       |     9 ||     9
